 Dungeon Crawl Stone Soup version 0.27.1-33-g824d729ab1 (webtiles) character file.

Game seed: 28733617906810254

33948 malygoose the Severer (level 13, -5/190 HPs)
             Began as a Minotaur Berserker on Nov 27, 2021.
             Was a High Priest of Trog.
             Slain by a six-headed hydra (8 damage)
             ... on level 6 of the Lair of Beasts.
             The game lasted 00:32:57 (16584 turns).

malygoose the Severer (Minotaur Berserker)         Turns: 16584, Time: 00:32:57

Health: -5/190     AC: 22    Str: 28    XL:     13   Next: 39%
Magic:  12/12      EV:  9    Int:  4    God:    Trog [*****.]
Gold:   755        SH:  0    Dex:  9    Spells: 12/12 levels left

rFire    + . .     SeeInvis .   L - +2 mace (vorpal)
rCold    . . .     Faith    .   (no shield)
rNeg     . . .     Spirit   .   G - +0 plate armour
rPois    +         Reflect  .   p - +0 hat
rElec    +         Harm     .   F - +2 cloak {rCorr}
rCorr    +         Rampage  .   (no gloves)
Will     ++...                  e - +0 pair of boots
Stlth    ..........             (no amulet)
HPRegen  1.41/turn              P - ring "Igyigoll" {rElec rPois rF+ rCorr}
MPRegen  0.13/turn              (no ring)

@: berserking, strong-willed, regenerating, very quick
A: horns 2, retaliatory headbutt
a: Renounce Religion, Berserk, Trog's Hand, Brothers in Arms


You were on level 6 of the Lair of Beasts.
You worshipped Trog.
Trog was extremely pleased with you.
You visited 2 branches of the dungeon, and saw 17 of its levels.

You collected 889 gold pieces.
You spent 134 gold pieces at shops.

Inventory:

Hand Weapons
 a - a +0 hand axe
 r - a +3 war axe of venom
 L - a +2 vorpal mace (weapon)
Missiles
 v - 2 throwing nets (quivered)
Armour
 e - a +0 pair of boots (worn)
 p - a +0 hat (worn)
 t - a +0 chain mail
 D - a +0 cloak
 F - a +2 cloak of preservation (worn)
 G - a +0 plate armour (worn)
 J - a +4 ring mail of poison resistance
 S - a +2 chain mail of fire resistance
Jewellery
 n - a ring of ice
 B - a ring of ice
 P - the ring "Igyigoll" (left hand) {rElec rPois rF+ rCorr}
   (You found it on level 3 of the Lair of Beasts)

   [ring of protection from fire]

   rF:        It protects you from fire.
   rElec:     It insulates you from electricity.
   rPois:     It protects you from poison.
   rCorr:     It protects you from acid and corrosion.
Wands
 b - a wand of iceblast (20)
 i - a wand of acid (11)
 q - a wand of flame (51)
 y - a wand of paralysis (10)
 R - a wand of polymorph (8)
Scrolls
 c - 2 scrolls of amnesia
 f - a scroll of enchant armour {unknown}
 g - 2 scrolls of blinking
 j - 2 scrolls of vulnerability
 k - 4 scrolls of teleportation
 l - a scroll of holy word
 s - a scroll of immolation {unknown}
 w - 2 scrolls of torment
 x - 3 scrolls of fog {unknown}
 E - a scroll of acquirement {unknown}
 H - a scroll of noise {unknown}
 M - 2 scrolls of identify
 O - a scroll of brand weapon {unknown}
 Q - a scroll of summoning {unknown}
 T - a scroll of enchant weapon
Potions
 d - 2 potions of berserk rage
 h - 6 potions of curing {unknown}
 m - 3 potions of attraction
 o - 2 potions of brilliance
 u - 2 potions of lignification
 z - 2 potions of haste
 A - 3 potions of flight
 C - 4 potions of degeneration
 I - 2 potions of invisibility
 K - a potion of might {unknown}
 N - a potion of cancellation {unknown}


   Skills:
 + Level 15.5 Fighting
 + Level 15.6 Axes
 + Level 15.4 Armour
 - Level 2.3 Dodging


You had 12 spell levels left.
You didn't know any spells.
Your spell library was empty.

Dungeon Overview and Level Annotations

Branches:
Dungeon (11/15)            Temple (0/1) D:4            Lair (5/6) D:8
 Shoals (0/4) Lair:3        Snake (0/4) Lair:3          Orc (0/2) D:10
  Slime: Lair:5-6

Altars:
Elyvilon
Fedhas
Hepliaklqana
Kikubaaqudgha
Makhleb
Qazlal
Ru
Trog
Vehumet
Xom
Yredelemnul
Zin

Shops:
D:4 (:(

Portals:
Trove: D:10 (give +3 gold dragon scales)

Annotations:
D:9 3 runed translucent doors, MisterFreud's ghost, novice FeBe
Lair:3 2 transporters, Luuwnalu's ghost, journeyman KoHu


Innate Abilities, Weirdness & Mutations

You have a pair of horns on your head.
You reflexively headbutt those who attack you in melee.


Message History

A water moccasin comes into view.
The eight-headed hydra closely misses you.
You furiously retaliate!
You headbutt the eight-headed hydra! The eight-headed hydra bites you.
* * * LOW HITPOINT WARNING * * *
The eight-headed hydra bites you but does no damage.
The eight-headed hydra completely misses you.
The eight-headed hydra bites you but does no damage.
The eight-headed hydra closely misses you.
The eight-headed hydra bites you.
* * * LOW HITPOINT WARNING * * *
The eight-headed hydra bites you!
* * * LOW HITPOINT WARNING * * *
The water moccasin hisses angrily.
You bludgeon the eight-headed hydra!!
You feel the power of Trog in you as your rage grows.
You kill the eight-headed hydra!
Trog accepts your kill.
You sock the six-headed hydra!
The six-headed hydra is lightly wounded.
A wyvern comes into view.
The cane toad stings you but does no damage.
You thump the six-headed hydra! You headbutt the six-headed hydra!!
The six-headed hydra is heavily wounded.
The six-headed hydra bites you but does no damage. x2
The six-headed hydra closely misses you.
The six-headed hydra barely misses you.
The six-headed hydra bites you but does no damage.
The six-headed hydra bites you!
* * * LOW HITPOINT WARNING * * *
You completely miss the six-headed hydra.
The six-headed hydra is heavily wounded.
The cane toad barely misses you. You furiously retaliate!
You headbutt the cane toad.
The six-headed hydra bites you but does no damage.
The six-headed hydra bites you.
* * * LOW HITPOINT WARNING * * *
The six-headed hydra bites you but does no damage.
The six-headed hydra bites you!
You die...

..... #............
......#...<...#..+
P................#
......##.8.8.#...#
.#.............#
#..#...........#.. #
##.##...#...# ...
......###SF###P...#
..#........#@Dl.S.?.
....#.....####..Fl..
.....#.#..# .....
............ ....
..... ... ...# ..
... #


You could see a six-headed hydra, a komodo dragon, 2 cane toads, 2 water
moccasins and a wyvern.

Vanquished Creatures
  6 hydras
  A boulder beetle (Lair:3)
  A catoblepas (D:10)
  2 two-headed ogres (D:10)
  A cyclops (D:10)
  Maurice (D:9)
  2 black mambas
  8 cane toads
  Joseph (D:7)
  Psyche (D:9)
  3 rime drakes
  A kobold demonologist (D:10)
  5 trolls
  5 komodo dragons
  Grinder (D:5)
  3 hornets
  18 blink frogs
  4 wyverns
  3 basilisks
  49 yaks
  A steam dragon (D:7)
  4 vampire mosquitoes (D:10)
  An acid dragon (D:10)
  Menkaure (D:5)
  3 nagas (Lair:3)
  Duvessa (D:5)
  13 water moccasins
  3 orc warriors
  An ice beast (D:6)
  2 ogres (D:5)
  13 wolves
  2 necrophages
  3 sky beasts
  2 phantoms
  3 centaurs
  A kobold brigand (D:7)
  10 bullfrogs
  2 gnoll sergeants
  A scorpion (D:6)
  A water moccasin zombie (D:5)
  Dowan (D:5)
  4 howler monkeys
  3 centaur skeletons
  4 centaur zombies
  4 hounds
  A jelly (D:7)
  2 orc priests
  Ijyb (D:5)
  4 iguanas (D:5)
  10 orc wizards
  2 howler monkey zombies (D:9)
  A howler monkey skeleton (D:6)
  10 adders
  9 gnolls
  A shadow imp (D:7)
  An ufetubus (D:7)
  A worm (D:5)
  4 dart slugs
  16 orcs
  3 ball pythons
  7 endoplasms
  5 giant cockroaches
  7 goblins
  7 hobgoblins
  14 kobolds
  4 bats
  3 frilled lizards
  A quokka skeleton (D:4)
  5 rats
  A bush (Lair:3)
320 creatures vanquished.

Vanquished Creatures (others)
  4 death yaks (Lair:6)
  15 fungi
  29 plants
48 creatures vanquished.

Grand Total: 368 creatures vanquished

Notes
Turn   | Place    | Note
-------+----------+-------------------------------------------
     0 | D:1      | malygoose the Minotaur Berserker began the quest for the
                  | Orb.
     0 | D:1      | Reached XP level 1. HP: 19/19 MP: 0/0
    68 | D:1      | Reached XP level 2. HP: 24/27 MP: 1/1
   624 | D:2      | Reached XP level 3. HP: 33/33 MP: 2/2
   687 | D:2      | Found a faded altar of an unknown god.
   723 | D:2      | Found a radiant altar of Vehumet.
   811 | D:2      | Reached ** piety under Trog
  1053 | D:2      | Reached XP level 4. HP: 36/41 MP: 3/3
  2221 | D:3      | Reached skill level 5 in Axes
  2221 | D:3      | Reached XP level 5. HP: 47/47 MP: 4/4
  2611 | D:3      | Found a bloodstained altar of Trog.
  2718 | D:4      | Found a staircase to the Ecumenical Temple.
  2870 | D:4      | Reached skill level 5 in Fighting
  3012 | D:4      | Found Ythir's Weapon Emporium.
  3046 | D:4      | Noticed a phantom
  3089 | D:4      | Killed a phantom
  3090 | D:4      | Reached XP level 6. HP: 56/56 MP: 5/5
  3144 | D:4      | Found Zirghen's Weapon Shop.
  3149 | D:4      | Bought a +1 war axe of venom for 134 gold pieces
  3271 | D:4      | Found Lyz Tuoc's Book Boutique.
  3331 | D:4      | Reached skill level 5 in Armour
  3460 | D:5      | Entered Level 5 of the Dungeon
  3460 | D:5      | Noticed Menkaure
  3463 | D:5      | Killed Menkaure
  3518 | D:5      | Noticed Grinder
  3527 | D:5      | Killed Grinder
  3528 | D:5      | Reached XP level 7. HP: 61/64 MP: 6/6
  3716 | D:5      | Noticed Ijyb
  3719 | D:5      | Noticed Duvessa
  3720 | D:5      | Noticed Dowan
  3727 | D:5      | Killed Ijyb
  3728 | D:5      | Killed Dowan
  3734 | D:5      | Killed Duvessa
  3930 | D:5      | Reached *** piety under Trog
  3943 | D:5      | Reached XP level 8. HP: 67/73 MP: 7/7
  4433 | D:5      | Found a glowing silver altar of Zin.
  4577 | D:6      | Found a sacrificial altar of Ru.
  5009 | D:6      | Reached XP level 9. HP: 75/82 MP: 8/8
  5466 | D:7      | Reached **** piety under Trog
  5726 | D:7      | Noticed Joseph
  5735 | D:7      | Killed Joseph
  5924 | D:7      | Reached skill level 10 in Axes
  5927 | D:7      | Reached skill level 10 in Fighting
  6064 | D:7      | Found an ancient bone altar of Kikubaaqudgha.
  6395 | D:7      | Found a burning altar of Makhleb.
  7147 | D:8      | Found a staircase to the Lair.
  7147 | D:8      | Noticed a komodo dragon
  7215 | D:8      | Killed a komodo dragon
  7216 | D:8      | Reached skill level 10 in Armour
  7492 | D:8      | Reached XP level 10. HP: 94/94 MP: 9/9
  8485 | D:9      | Noticed Psyche
  8492 | D:9      | Killed Psyche
  8890 | D:9      | Noticed Maurice
  8908 | D:9      | Killed Maurice
  9121 | D:9      | Found a hazy altar of Hepliaklqana.
  9157 | D:9      | Reached XP level 11. HP: 95/104 MP: 10/10
  9157 | D:9      | Reached ***** piety under Trog
  9370 | D:9      | Found a runed translucent gate.
  9370 | D:9      | Found a runed translucent gate.
  9370 | D:9      | Found a runed translucent gate.
  9370 | D:9      | Noticed MisterFreud's ghost (novice FeBe)
  9377 | D:9      | Found a basalt altar of Yredelemnul.
  9461 | D:9      | Found a white marble altar of Elyvilon.
  9541 | D:9      | Found a shimmering altar of Xom.
  9725 | D:10     | Entered Level 10 of the Dungeon
  9900 | D:10     | Found a stormy altar of Qazlal.
  9902 | D:10     | Found a blossoming altar of Fedhas.
 10184 | D:10     | Found a staircase to the Orcish Mines.
 10377 | D:10     | Found a portal to a secret trove of treasure.
 10619 | D:10     | Noticed a two-headed ogre
 10627 | D:10     | Killed a two-headed ogre
 10745 | D:10     | Noticed a two-headed ogre
 10750 | D:10     | Killed a two-headed ogre
 10804 | D:10     | Noticed a catoblepas
 10818 | D:10     | Killed a catoblepas
 11299 | Lair:1   | Entered Level 1 of the Lair of Beasts
 11390 | Lair:1   | Noticed a five-headed hydra
 11397 | Lair:1   | Killed a five-headed hydra
 11904 | Lair:1   | Reached XP level 12. HP: 92/115 MP: 11/11
 13036 | Lair:2   | You fall into a shaft and drop 1 floor!
 13039 | Lair:3   | Found a staircase to the Shoals.
 13063 | Lair:3   | Found a transporter.
 13064 | Lair:3   | Found a transporter.
 13064 | Lair:3   | Noticed Luuwnalu's ghost (journeyman KoHu)
 13186 | Lair:3   | Found a staircase to the Snake Pit.
 13505 | Lair:3   | Noticed a boulder beetle
 13512 | Lair:3   | Killed a boulder beetle
 14005 | Lair:3   | Identified the ring "Igyigoll" {rElec rPois rF+ rCorr}
 14309 | Lair:3   | Received a gift from Trog
 14397 | Lair:3   | Noticed a five-headed hydra
 14411 | Lair:3   | Killed a five-headed hydra
 14567 | Lair:3   | Noticed an eight-headed hydra
 14577 | Lair:3   | Killed an eight-headed hydra
 15184 | Lair:4   | Noticed a four-headed hydra
 15238 | Lair:3   | Killed a four-headed hydra
 15495 | Lair:4   | Reached skill level 15 in Axes
 15588 | Lair:4   | Reached XP level 13. HP: 119/125 MP: 12/12
 15598 | Lair:4   | Reached skill level 15 in Fighting
 15850 | Lair:4   | Reached skill level 15 in Armour
 16479 | Lair:5   | You fall into a shaft and drop 1 floor!
 16479 | Lair:6   | Entered Level 6 of the Lair of Beasts
 16583 | Lair:6   | HP: 6/190 [six-headed hydra (8)]
 16584 | Lair:6   | Slain by a six-headed hydra

Illustrated notes

Levels and vault maps discovered:
D:1:      onia_arrival_pyramid, layout_basic
D:2:      layout_basic, basic_altar, basic_ecumenical_altar, minmay_tromino_v2
D:3:      layout_basic, nicolae_overflow_hidden_temple
D:4:      layout_gridville, temple_statues, serial_shops, nicolae_shop_trees,
          nicolae_shop_stone, kennysheep_mini_moat
D:5:      layout_basic, zin_treasury, minmay_a_box_with_orc_wizards_in_it,
          uniq_menkaure, uniq_duvessa, uniq_ijyb, uniq_grinder
D:6:      layout_gridville, general_overflow_altar
D:7:      layout_layer_cave, old_standard_altar, mainiacjoe_overflow_alcove_2,
          uniq_joseph
D:8:      layout_loops_ring, david_lair_shrubbed, serial_glass, glass_columns_c,
          glass_columns_a
D:9:      layout_irregular_city, mainiacjoe_overflow_paths,
          nicolae_yredelemnul_ghost_church, mainiacjoe_overflow_alcove_4,
          hangedman_decor_points, kennysheep_diamond, minmay_misc_feat_chi,
          uniq_psyche, uniq_maurice
D:10:     cheibrodos_barr_body, layout_gridville,
          grunt_temple_overflow_forces_of_nature, enter_trove_1
D:11:     layout_loops_cross, nicolae_two_hexagons
Lair:1:   layout_cellular_growth
Lair:2:   layout_hall_layers, beast_lair_carwin_9
Lair:3:   layout_regular_city, elwin_shoals_entry_rocks,
          minmay_snake_entry_guardpost_medium, gammafunk_ghost_hive,
          nzn_sisyphean_effort
Lair:4:   layout_hall_layers
Lair:5:   gammafunk_lair_enchanted_lake, layout_long_grid, basic_altar,
          gammafunk_ghost_arena, serial_bayou_shore_a, uniq_urug
Lair:6:   hangedman_lair_tendril_chambers, layout_regular_city,
          hangedman_lair_caniforms_friends, dpeg_slime_entry_enclosed_altar,
          grunt_megastairs_2

Skill      XL: |  1  2  3  4  5  6  7  8  9 10 11 12 13 |
---------------+----------------------------------------+-----
Fighting       | 4 5 6 7 8 10 12 13 14 15 | 15.5
Axes           | 4 5 6 7 9 10 12 13 15 | 15.6
Armour         | 3 4 5 6 8 10 11 13 14 15 | 15.4
Dodging        | |  2.3

Action                   |  1- 3 |  4- 6 |  7- 9 | 10-12 | 13-15 || total
-------------------------+-------+-------+-------+-------+-------++-------
Melee: Hand axe          |    81 |    96 |       |       |       ||   177
       Headbutt          |    10 |    17 |    37 |    72 |    18 ||   154
       War axe           |       |    24 |   203 |   360 |    86 ||   673
       Mace              |       |       |       |    18 |    12 ||    30
Invok: Berserk           |       |     3 |     4 |    10 |     3 ||    20
       Trog's Hand       |       |     1 |     2 |     1 |     2 ||     6
Evoke: Wand              |       |       |       |     7 |       ||     7
  Use: Scroll            |       |     3 |     6 |     6 |     1 ||    16
Armor: Animal skin       |     2 |       |       |       |       ||     2
       Ring mail         |    27 |    18 |       |   105 |       ||   150
       Scale mail        |       |    47 |     9 |       |       ||    56
       Chain mail        |       |       |   112 |    66 |       ||   178
       Plate armour      |       |       |       |    94 |   106 ||   200
Dodge: Dodged            |    44 |    47 |    86 |   219 |    49 ||   445
